 Dungeon Crawl Stone Soup version 0.30-b1-2-g02819fbbbe (webtiles) character file.

Game seed: 2369601789595800874

4330 redmage the Geomancer (level 10, -10/69 HPs)
             Began as a Meteoran Earth Elementalist on Sept 6, 2023.
             Was a Believer of Sif Muna.
             Killed by an exploding orc priest (33 damage)
             ... ignited by their inner flame
             ... on level 9 of the Dungeon.
             The game lasted 00:26:20 (1950 turns).

redmage the Geomancer (Meteoran Earth Elementalist) Turns: 1950, Time: 00:26:20

Health: -10/69     AC:  4    Str: 10    XL:     10   Next: 89%
Magic:  23/23      EV: 12    Int: 21    God:    Sif Muna [**....]
Gold:   67         SH:  0    Dex: 15    Spells: 8/25 levels left

rFire   . . .        y - +6 halberd (freeze)
rCold   . . .        (shield currently unavailable)
rNeg    . . .        A - +0 robe
rPois   .            v - +0 helmet
rElec   .            (no cloak)
rCorr   .            l - +0 pair of gloves
SInv    .            (no boots)
Will    ++...        m - amulet of faith
Stlth   +            g - ring of willpower
HPRegen 0.31/turn    (no ring)
MPRegen 0.18/turn

%: faith
@: glowing
A: sense surroundings 2, otherworldly, glowing, explore regen
a: Renounce Religion, Channel Magic


You were on level 9 of the Dungeon.
You worshipped Sif Muna.
Sif Muna was pleased with you.
You visited 2 branches of the dungeon, and saw 10 of its levels.
You also visited: Ossuary and Bailey.

You collected 144 gold pieces.
You spent 77 gold pieces at shops.

Inventory:

Hand Weapons
 a - a +2 morningstar of holy wrath
 f - a +2 dagger of electrocution
 y - a +6 halberd of freezing (weapon)
Missiles
 x - a curare-tipped dart
Armour
 l - a +0 pair of gloves (worn)
 v - a +0 helmet (worn)
 A - a +0 robe (worn)
Jewellery
 g - a ring of willpower (left hand)
 m - an amulet of faith (around neck)
Wands
 u - a wand of iceblast (8)
Scrolls
 d - a scroll of silence
 i - 5 scrolls of teleportation
 z - 2 scrolls of brand weapon {unknown}
 B - a scroll of enchant armour {unknown}
 C - a scroll of fog {unknown}
 D - a scroll of fear {unknown}
 E - a scroll of amnesia {unknown}
Potions
 b - 2 potions of magic
 c - 2 potions of ambrosia
 e - 3 potions of lignification
 k - 2 potions of curing
 n - 3 potions of haste
 t - 2 potions of heal wounds {unknown}
 w - a potion of might {unknown}


   Skills:
 - Level 4.0 Short Blades
 - Level 2.4 Dodging
 - Level 1.4 Stealth
 - Level 8.3 Spellcasting
 - Level 6.0 Conjurations
 * Level 7.8 Summonings
 - Level 3.4 Transmutations
 - Level 9.0 Earth Magic
 * Level 7.6 Invocations


You had 8 spell levels left.
You knew the following spells:

 Your Spells              Type           Power      Damage    Failure   Level
a - Sandblast             Erth           92%        2d19      1%          1
b - Passwall              Tmut/Erth      28%        N/A       1%          2
c - Stone Arrow           Conj/Erth      80%        3d12      1%          3
d - Petrify               Tmut/Erth      34%        N/A       6%          4
e - Summon Hydra          Summ           20%        N/A       95%         7

Your spell library contained the following spells:

 Spells                   Type           Power      Damage    Failure   Level
 Wereblood                Tmut           23%        N/A       3%          2
 Sublimation of Blood     Necr           8%         N/A       12%         2


Dungeon Overview and Level Annotations

Branches:
Dungeon (9/15) Zot: 3870   Temple (1/1) D:4 Zot: 569     Orc (0/2) D:9
Ossuary (visited)          Bailey (visited)
   Lair: D:8-11

Altars:
Cheibriados
Gozag
Kikubaaqudgha
Nemelex Xobeh
Okawaru
Ru
Sif Muna
Trog
Uskayaw
Wu Jian
Zin

Shops:
D:5 ?

Annotations:
D:5 Dowan, Menkaure


Innate Abilities, Weirdness & Mutations

You passively map the area around you.
You are easily found by Zot.
You glow in the dark.
You regain HP and MP as you explore.


Message History

Your kobold is poisoned.
Your kobold's corpse dissolves into shadows!
Your kobold explodes!
The fiery explosion engulfs your kobold!!
Your kobold's corpse dissolves into shadows!
The fiery explosion engulfs your kobold.
Your kobold's corpse dissolves into shadows!
Your kobold explodes!
The fiery explosion engulfs your bullfrog!
Flame seeps out of your bullfrog.
Your bullfrog is almost dead.
Your bullfrog dissolves into shadows!
Your kobold explodes!
Flame seeps out of your howler monkey. Flame seeps out of your orc warrior.
Flame seeps out of your orc. Flame seeps out of your orc priest.
Your howler monkey is engulfed in poison gas.
Your howler monkey looks even sicker.
Flame seeps out of your howler monkey.
Your orc is engulfed in poison gas.
Your orc is poisoned.
Flame seeps out of your orc.
Your kobold brigand is engulfed in poison gas.
Your kobold brigand looks even sicker.
Flame seeps out of your kobold brigand.
Your orc is engulfed in poison gas.
Your orc looks even sicker.
Your orc's corpse dissolves into shadows!
Your orc explodes!
The fiery explosion engulfs your howler monkey!!!
Your howler monkey's corpse dissolves into shadows!
Your howler monkey explodes!
The fiery explosion engulfs your orc priest!!
Your orc priest's corpse dissolves into shadows!
The fiery explosion engulfs your orc warrior!!
Your orc warrior's corpse dissolves into shadows!
The fiery explosion engulfs your orc!!
Your orc's corpse dissolves into shadows!
Your orc explodes!
Your orc warrior explodes!
The fiery explosion engulfs you!
Your orc priest explodes!
The fiery explosion engulfs you!!
You die...

* ,
,,,* ,
,,
*##§#
, * *
§#☼# *
, ,, ,
*
*,§§§#
,, ,
§§§* ,
§§ # *
, *
##§#§#
* ,,
#☼§☼☼#
, *
#@# *
* #K#
* #§#
, * *
*#§#
**, ,,
§○# ,
,**
#§# ,
, ,*
#§# *
,, ,
§§# ,
* ** *


You could see a friendly kobold brigand (summoned, inner flame, very poisoned).

Vanquished Creatures
  A two-headed ogre (Bailey)
  Pikel (D:5)
  4 spriggans (Bailey)
  3 yaks (D:8)
  2 wraiths (Ossuary)
  A wyvern (D:6)
  A steam dragon (Bailey)
  A water moccasin (D:7)
  Duvessa (D:5)
  A sky beast (D:7)
  4 ogres
  A centaur (D:8)
  A phantom (D:6)
  3 lemures (D:5)
  A kobold brigand (D:7)
  A scorpion (D:5)
  7 wights
  2 vampire bats (D:3)
  2 hounds
  A jelly (D:4)
  4 iguanas
  Natasha (D:2)
  2 orc wizards (D:5)
  2 adders
  A shadow imp (D:5)
  A white imp (D:5)
  A worm (D:4)
  2 dart slugs (D:4)
  8 orcs
  4 bat skeletons (D:3)
  A bat zombie (D:3)
  An endoplasm (D:3)
  A giant cockroach (D:3)
  A hobgoblin (D:1)
  7 kobolds
  4 quokkas (D:3)
  2 ball pythons (D:3)
  4 bats
  3 frilled lizards
  2 goblins (D:4)
  A hobgoblin skeleton (Ossuary)
  3 hobgoblin zombies (Ossuary)
  3 kobold zombies (Ossuary)
  An orc zombie (Ossuary)
  A rat (D:3)
100 creatures vanquished.

Notes
Turn   | Place    | Note
-------+----------+-------------------------------------------
     0 | D:1      | redmage the Meteoran Earth Elementalist began the quest for
                  | the Orb.
     0 | D:1      | Reached XP level 1. HP: 14/14 MP: 5/5
    64 | D:2      | Noticed Natasha
    67 | D:2      | Killed Natasha
    68 | D:2      | Reached skill level 4 in Earth Magic
    68 | D:2      | Reached XP level 2. HP: 20/20 MP: 3/7
    68 | D:2      | Reached XP level 3. HP: 26/26 MP: 3/9
    71 | D:2      | Learned a level 2 spell: Passwall
    75 | D:2      | Learned a level 3 spell: Stone Arrow
   223 | D:3      | Reached XP level 4. HP: 33/33 MP: 8/10
   255 | D:3      | Found a sparkling altar of Nemelex Xobeh.
   287 | D:3      | Found an ancient bone altar of Kikubaaqudgha.
   292 | D:3      | Reached skill level 1 in Conjurations
   292 | D:3      | Reached XP level 5. HP: 30/38 MP: 6/12
   301 | D:3      | Reached skill level 5 in Earth Magic
   402 | D:4      | Found a staircase to the Ecumenical Temple.
   407 | D:4      | Noticed an ogre
   411 | D:4      | Killed an ogre
   412 | D:4      | Reached XP level 6. HP: 45/45 MP: 7/14
   413 | Temple   | Entered the Ecumenical Temple
   428 | Temple   | Became a worshipper of Sif Muna the Loreminder
   456 | D:4      | Reached skill level 5 in Spellcasting
   464 | D:5      | Entered Level 5 of the Dungeon
   562 | D:5      | Reached XP level 7. HP: 33/50 MP: 6/15
   571 | D:5      | Found Opraorgh's Magic Scroll Emporium.
   629 | D:5      | Noticed Menkaure
   731 | D:4      | Reached skill level 6 in Earth Magic
   765 | D:4      | Found a sand-covered staircase.
   784 | Ossuary  | Entered an ossuary
   837 | Ossuary  | Reached * piety under Sif Muna
   860 | Ossuary  | Noticed a flying skull
   860 | Ossuary  | Noticed a wraith
   868 | Ossuary  | Noticed a flying skull
   872 | Ossuary  | Noticed a wraith
   875 | Ossuary  | Killed a wraith
   881 | Ossuary  | Noticed a flying skull
   917 | Ossuary  | Reached XP level 8. HP: 41/57 MP: 11/18
   924 | Ossuary  | Noticed a flying skull
   946 | Ossuary  | Noticed a wraith
   958 | Ossuary  | Killed a wraith
   959 | Ossuary  | Reached skill level 5 in Conjurations
   959 | Ossuary  | Reached skill level 7 in Earth Magic
  1099 | D:5      | Noticed Pikel
  1105 | D:5      | Killed Pikel
  1106 | D:5      | Reached skill level 8 in Earth Magic
  1106 | D:5      | Gained mutation: You passively map the area around you.
                  | [Meteoran growth]
  1106 | D:5      | Reached XP level 9. HP: 62/62 MP: 8/21
  1112 | D:5      | Learned a level 4 spell: Petrify
  1143 | D:5      | Bought a scroll of teleportation for 33 gold pieces
  1143 | D:5      | Bought a scroll of identify for 22 gold pieces
  1143 | D:5      | Bought a scroll of identify for 22 gold pieces
  1162 | D:5      | Noticed Dowan
  1166 | D:5      | Noticed Duvessa
  1220 | D:5      | Killed Duvessa
  1337 | D:6      | Reached skill level 1 in Short Blades
  1346 | D:6      | Reached skill level 9 in Earth Magic
  1395 | D:6      | Learned a level 7 spell: Summon Hydra
  1459 | D:7      | Reached skill level 1 in Summonings
  1525 | D:7      | Reached skill level 1 in Invocations
  1534 | D:7      | Reached ** piety under Sif Muna
  1589 | D:8      | Found a flagged portal.
  1598 | Bailey   | Entered a bailey
  1608 | Bailey   | Reached XP level 10. HP: 69/69 MP: 16/23
  1658 | Bailey   | Reached skill level 5 in Summonings
  1684 | Bailey   | Reached skill level 5 in Invocations
  1708 | Bailey   | Noticed a two-headed ogre
  1716 | Bailey   | Killed a two-headed ogre
  1950 | D:9      | Killed by an exploding orc priest... ignited by their inner
                  | flame

Illustrated notes

Levels and vault maps discovered:
D:1:      wander_arrival_fairy_ring, layout_basic, st_stairs_11, minmay_ruptured
D:2:      layout_loops_ring, hangedman_decor_diamond_cutter, uniq_terence,
          uniq_natasha
D:3:      layout_basic, nemelex_xobeh_ov_fountains_minmay,
          mainiacjoe_overflow_paths, kennysheep_vampire_church, uniq_ijyb
D:4:      layout_loops_ring, minmay_temple_entry_slanted, enter_ossuary_1
D:5:      layout_basic, serial_shops, nicolae_shop_tiny_real_fake_doors,
          uniq_pikel, uniq_duvessa, uniq_menkaure
D:6:      layout_loops_ring, nicolae_qazlal_beasts_of_the_sky,
          nicolae_concentric_dashed_squares_mild, minmay_misc_feat_cross
D:7:      layout_basic
D:8:      layout_loops_ring, gammafunk_ghost_cemetery, enter_bailey_8,
          serial_bayou_pond_c
D:9:      minmay_bubble_buster, layout_loops_corners,
          grunt_dithmenos_smoke_and_mirrors, minmay_orc_entry_temple_small
Temple:   eino_wide_crystal_templ

Skill      XL: |  1  2  3  4  5  6  7  8  9 10 |
---------------+-------------------------------+-----
Spellcasting   | 3 4 5 6 7 8 |  8.3
Earth Magic    | 4 5 6 8 9 |  9.0
Conjurations   | 1 3 4 6 |  6.0
Transmutations | 3 |  3.4
Short Blades   | 3 4 |  4.0
Summonings     | 4 7 |  7.8
Invocations    | 2 7 |  7.6
Dodging        | |  2.4
Stealth        | |  1.4

Action                     |  1- 3 |  4- 6 |  7- 9 | 10-12 || total
---------------------------+-------+-------+-------+-------++-------
  Melee: Dagger            |     2 |     1 |    26 |       ||    29
   Cast: Sandblast         |    18 |    34 |    55 |    22 ||   129
         Passwall          |       |     4 |    15 |       ||    19
         Stone Arrow       |       |     3 |    46 |    18 ||    67
    Use: Potion            |       |       |     1 |     1 ||     2
         Scroll            |       |       |     3 |     7 ||    10
 Armour: Robe              |     3 |    11 |     6 |     1 ||    21
         Skin              |       |       |     9 |       ||     9
  Dodge: Dodged            |     3 |    15 |    21 |     8 ||    47
